Map: Orbital Shipyard

Players

Javert

  • Race: Zerg Zerg
  • League: Gold

Yora - Winner!

  • Race: Terran Terran
  • League: Gold

VOD

Have the link to the VOD?

Description

Time

  • Played on: Sept. 8, 2015, 10:43 p.m.
  • Length: 5:15
Show
View Real Time Build Order
Export as new Build Order

Javert Zerg 

Build Orders: Hatch First 

Get SALT Encoding   

  12  0:01  Drone  
  13  0:13  Overlord  
  13  0:17  Drone  
  14  0:33  Drone x2  
  16  0:37  Drone  
  17  0:54  Hatchery  
  17  0:55  Drone  
  17  1:02  Drone, Extractor  
  17  1:12  Drone  
  17  1:18  Spawning Pool  
  17  1:20  Drone  
  18  1:31  Drone  
  19  1:40  Drone  
  20  1:53  Overlord  
  20  2:06  Queen x2  
  20  2:07  Metabolic Boost  
  24  2:09  Zergling x2  
  24  2:10  Zergling x2  
  26  2:22  Drone x2  
  28  2:29  Drone x2  
  29  2:50  Drone x4  
  33  3:01  Drone x2  
  35  3:09  Hatchery  
  35  3:10  Spore Crawler  
  32  3:18  Drone  
  32  3:19  Drone x2  
  35  3:27  Overlord x2  
  35  3:36  Overlord  
  35  3:40  Lair  
  35  3:42  Overlord  
  35  3:44  Queen  
  35  3:47  Drone x2  
  35  3:48  Drone x2  
  41  3:49  Drone  
  42  4:04  Spore Crawler  
  40  4:15  Drone  
  40  4:16  Drone x3  
  44  4:18  Extractor  
  44  4:20  Drone x2  
  44  4:22  Extractor  
  44  4:23  Extractor  
  43  4:25  Drone x4  
  43  4:27  Queen  
  49  4:42  Overlord x2  
  49  4:44  Drone x3  
  52  4:52  Spire  
  51  4:53  Drone x4  
  51  4:54  Drone x2  
Show
View Real Time Build Order
Export as new Build Order

Yora Terran - Winner!

Build Orders:  

Get SALT Encoding   

  12  0:00  SCV  
  13  0:12  SCV  
  14  0:17  Supply Depot  
  14  0:25  SCV  
  14  0:28  Refinery  
  15  0:39  SCV  
  16  0:45  Barracks  
  16  0:51  SCV  
  17  1:03  SCV  
  18  1:15  SCV  
  19  1:31  SCV  
  20  1:33  Reaper  
  20  1:35  Supply Depot  
  20  1:39  Refinery  
  21  1:46  SCV  
  22  1:49  Factory  
  22  1:58  Orbital Command  
  22  2:07  Barracks Reactor  
  22  2:19  Command Center  
  22  2:25  SCV  
  23  2:38  SCV  
  24  2:50  SCV, Starport  
  25  2:59  Supply Depot  
  25  3:02  SCV  
  26  3:14  SCV  
  26  3:16  Hellion x2  
  31  3:22  Barracks Reactor  
  31  3:25  Supply Depot  
  31  3:26  SCV  
  32  3:35  SCV  
  32  3:38  SCV  
  34  3:43  Hellion x2  
  34  3:47  SCV  
  39  3:50  SCV  
  40  3:59  SCV  
  40  4:02  SCV  
  42  4:05  Hellion x2  
  42  4:06  Liberator  
  46  4:11  SCV  
  46  4:18  SCV  
  46  4:20  Supply Depot  
  46  4:21  Armory  
  46  4:22  Medivac  
  52  4:28  Hellion x2  
  56  4:32  SCV x2  
  56  4:34  Barracks Tech Lab, Factory  
  58  4:44  SCV x2  
  64  5:01  SCV  
  64  5:04  Refinery  
  64  5:06  Supply Depot  
Tags
 
Add a new tag
Caveats
  • Supply blocks, unpowered buildings, or Contaminate may cause inaccurate times.
  • Supply counts are checked every 10 seconds.